 Dungeon Crawl Stone Soup version 0.27.1-4-g1640c2035a (webtiles) character file.

Game seed: 15584396201371604542

44 MisterFreud the Skirmisher (level 3, -1/36 HPs)
             Began as a Minotaur Abyssal Knight on Nov 3, 2021.
             Was a Follower of Lugonu.
             Splashed by a jelly's acid (9 damage)
             ... on level 2 of the Dungeon.
             The game lasted 00:01:17 (2006 turns).

MisterFreud the Skirmisher (MiAK)                   Turns: 2006, Time: 00:01:18

Health: -1/36      AC: -4    Str: 17    XL:     3   Next: 39%
Magic:  3/3        EV: 11    Int:  9    God:    Lugonu [*.....]
Gold:   92         SH:  0    Dex:  9    Spells: 2/2 levels left

rFire    . . .     SeeInvis .   a - +1 falchion
rCold    + . .     Faith    .   (no shield)
rNeg     . . .     Spirit   .   b - +0 leather armour
rPois    +         Reflect  .   (helmet restricted)
rElec    .         Harm     .   (no cloak)
rCorr    .         Rampage  .   (no gloves)
Will     .....                  (no boots)
Stlth    +.........             (no amulet)
HPRegen  0.12/turn              h - ring of protection from cold
MPRegen  0.08/turn              l - ring of poison resistance

@: corroded
A: horns 2, retaliatory headbutt
a: Renounce Religion, Depart the Abyss


You were on level 2 of the Dungeon.
You worshipped Lugonu.
Lugonu was aware of your devotion.
You visited 1 branch of the dungeon, and saw 2 of its levels.
You visited the Abyss 1 time.

You collected 92 gold pieces.

Inventory:

Hand Weapons
 a - a +1 falchion (weapon)
Missiles
 c - 22 poisoned darts
 i - a throwing net
Armour
 b - a +0 leather armour (worn)
Jewellery
 h - a ring of protection from cold (left hand)
 l - a ring of poison resistance (right hand)
Scrolls
 d - a scroll of vulnerability {unknown}
 e - 4 scrolls of identify {unknown}
 f - a scroll of enchant armour {unknown}
 g - a scroll of teleportation {unknown}
Potions
 j - a potion of heal wounds {unknown}
 k - 2 potions of degeneration {unknown}
 m - a potion of attraction {unknown}
 n - a potion of invisibility {unknown}


   Skills:
 * Level 5.4 Fighting
 - Level 2.4 Long Blades
 - Level 2.4 Armour
 - Level 1.1 Dodging
 - Level 1.7 Invocations


You had 2 spell levels left.
You didn't know any spells.
Your spell library contained the following spells:

 Spells                   Type           Power      Damage    Failure   Level
 Beastly Appendage        Tmut           0%         N/A       43%         1
 Slow                     Hex            0%         N/A       58%         2
 Wereblood                Tmut           0%         N/A       58%         2
 Confusing Touch          Hex            0%         N/A       82%         3
 Spider Form              Tmut/Pois      0%         N/A       82%         3
 Vampiric Draining        Necr           0%         2d6       82%         3


Dungeon Overview and Level Annotations

Branches:
Dungeon (2/15)

Altars:

Shops:
D:2 :


Innate Abilities, Weirdness & Mutations

You have a pair of horns on your head.
You reflexively headbutt those who attack you in melee.


Message History

Lugonu accepts your kill.
Things that are here:
a +0 dagger; a goblin corpse
Things that are here:
a +0 dagger; a goblin corpse
There is a stone staircase leading down here.
You open the door.
There is an open door here.
A rat comes into view.
Found a book of Changes.
A rat is nearby!
A rat is nearby!
The rat closely misses you.
You hit the rat.
You kill the rat!
Lugonu accepts your kill.
You pick up a book of Changes and begin reading...
You add the spells Beastly Appendage, Wereblood and Spider Form to your library.
No target in view!
You open the door.
There is an open door here.
A jelly comes into view.
The jelly quivers.
A jelly is nearby!
A jelly is nearby!
The jelly completely misses you.
You barely miss the jelly. The jelly closely misses you.
You hit the jelly. The acid corrodes you!
Your hands burn!
You headbutt the jelly, but do no damage.
The jelly is lightly wounded.
The jelly hits you.
You are splashed with acid!
The jelly hits you.
You are splashed with acid.
You hit the jelly. The acid corrodes you!
Your hands burn!
* * * LOW HITPOINT WARNING * * *
You headbutt the jelly!
The jelly is almost dead.
The jelly hits you.
* * * LOW HITPOINT WARNING * * *
You are splashed with acid!
You die...

.#..+.......# #.#.#...#
.####.....#.# #.##.#.#####
.# ##.....#.####.##.#.# .#
#...####....#.##.#.# .#
#...#######.#.##.#.# .#
#†........#.#.##.#.#
(###...#####.#.#.##.#.#####
.#......# #.#.#J##.#.....#
÷#......# #.#.#@##.#####.#
.#......####.#.#.##.# #.#
..........##.#.#.##.# #.#
..........##...#.##.# #.#
..........######.##.# #.#
.###.(....######'##.# #.#
.# #................# #.#
.# #.............†### #.#
## #..............# #.#


You could see a jelly.

Vanquished Creatures
  An adder (D:2)
  A dart slug (D:2)
  A ball python (D:2)
  4 endoplasms
  2 giant cockroaches (D:2)
  4 goblins
  A hobgoblin (D:1)
  3 quokkas
  6 bats
  4 frilled lizards
  2 kobolds
  3 rats
32 creatures vanquished.

Notes
Turn   | Place    | Note
-------+----------+-------------------------------------------
     0 | Abyss:1  | MisterFreud the Minotaur Abyssal Knight began the quest for
                  | the Orb.
     0 | Abyss:1  | Reached XP level 1. HP: 19/19 MP: 1/1
    60 | Abyss:1  | Noticed a worldbinder
    61 | Abyss:1  | Noticed a yaktaur
    61 | Abyss:1  | Noticed a yaktaur
    61 | D:1      | Escaped the Abyss
   245 | D:1      | Reached * piety under Lugonu
   246 | D:1      | Reached skill level 4 in Fighting
   497 | D:1      | Reached XP level 2. HP: 18/28 MP: 2/2
   872 | D:1      | Found a faded altar of an unknown god.
  1016 | D:2      | Found Ukikhlefra's Book Emporium.
  1266 | D:2      | Reached skill level 5 in Fighting
  1266 | D:2      | Reached XP level 3. HP: 21/36 MP: 3/3
  2006 | D:2      | Splashed by a jelly's acid

Illustrated notes

Levels and vault maps discovered:
D:1:      lightli_arrival_maybe_door_vault, layout_basic,
          hellmonk_ecumenical_altar_prayer_group, serial_rivers,
          chequers_serial_rivers_marsh, chequers_serial_rivers_micro_a,
          chequers_serial_rivers_small_a, chequers_serial_rivers_small_b
D:2:      layout_basic, serial_shops, shop, glass_columns_a

Skill      XL: |  1  2 |
---------------+-------+-----
Fighting       | 4 5 |  5.4
Long Blades    | |  2.4
Armour         | |  2.4
Dodging        | |  1.1
Invocations    | |  1.7

Action                   || total
-------------------------++-------
Melee: Falchion          ||    54
       Headbutt          ||    11
Invok: Depart the Abyss  ||     1
 Stab: Sleeping          ||     1
Armor: Leather armour    ||    14
Dodge: Dodged            ||    34
       Rpst.: Falchion   ||     8
